 Dungeon Crawl Stone Soup version 0.26-a0-52-gd53d4cd (webtiles) character file.

Game seed: 3257745270406259571

7 thirtiethelement the Skirmisher (level 2, -2/29 HPs)
             Began as a Gnoll Abyssal Knight on June 5, 2020.
             Was a Follower of Lugonu.
             Slain by an ufetubus (3 damage)
             ... summoned by a ynoxinul
             ... on level 1 of the Abyss.
             The game lasted 00:00:56 (131 turns).

thirtiethelement the Skirmisher (GnAK)               Turns: 131, Time: 00:00:56

Health: -2/29      AC:  3    Str: 14    XL:     2   Next: 4%
Magic:  5/5        EV: 12    Int: 14    God:    Lugonu [*.....]
Gold:   0          SH:  0    Dex: 14    Spells: 1/1 levels left

rFire    . . .     SeeInvis .   a - +1 hand axe
rCold    . . .     Gourm    .   (no shield)
rNeg     . . .     Faith    .   b - +0 leather armour
rPois    .         Spirit   .   (no helmet)
rElec    .         Reflect  .   (no cloak)
rCorr    .         Harm     .   (no gloves)
MR       .....                  (no boots)
Stlth    +.........             (no amulet)
HPRegen  0.09/turn              (no ring)
MPRegen  0.09/turn              (no ring)

@: no status effects
A: distributed training, fangs 1, strong nose
a: Depart the Abyss, Renounce Religion


You were on level 1 of the Abyss.
You worshipped Lugonu.
Lugonu was aware of your devotion.
You were not hungry.

You visited 0 branches of the dungeon, and saw 0 of its levels.
You visited the Abyss 1 time.

Inventory:

Hand Weapons
 a - a +1 hand axe (weapon)
Armour
 b - a +0 leather armour (worn)
Comestibles
 c - 2 rations


   Skills:
 + Level 6.4 Fighting
 + Level 0.2 Short Blades
 + Level 0.2 Long Blades
 + Level 4.4 Axes
 + Level 0.2 Maces & Flails
 + Level 0.2 Polearms
 + Level 0.2 Staves
 + Level 0.2 Slings
 + Level 0.2 Bows
 + Level 0.2 Crossbows
 + Level 0.2 Throwing
 + Level 4.4 Armour
 + Level 2.4 Dodging
 + Level 0.2 Stealth
 + Level 0.2 Shields
 + Level 0.2 Unarmed Combat
 + Level 0.2 Spellcasting
 + Level 0.1 Conjurations
 + Level 0.1 Hexes
 + Level 0.1 Charms
 + Level 0.1 Summonings
 + Level 0.1 Necromancy
 + Level 0.1 Translocations
 + Level 0.1 Transmutations
 + Level 0.1 Fire Magic
 + Level 0.1 Ice Magic
 + Level 0.1 Air Magic
 + Level 0.1 Earth Magic
 + Level 0.1 Poison Magic
 + Level 4.4 Invocations
 + Level 0.2 Evocations


You had one spell level left.
You didn't know any spells.
Your spell library was empty.

Dungeon Overview and Level Annotations

Branches:
Dungeon (0/15)

Altars:


Innate Abilities, Weirdness & Mutations

Your experience applies equally to all skills.
You have very sharp teeth.
Your uncanny sense of smell can sniff out nearby items.


Message History

The ynoxinul gestures.
The ynoxinul gestures.
Found a scroll labeled RITHINT BOECISS.
The ynoxinul gestures.
You enter the shallow water.
Moving in this stuff is going to be slow.
The large abomination misses you. The large abomination hits you!!
Ouch! That really hurt!
* * * LOW HITPOINT WARNING * * *
The ufetubus closely misses you.
The ufetubus hits you but does no damage. x2
The ufetubus hits you.
* * * LOW HITPOINT WARNING * * *
The ufetubus barely misses you. x2
The ufetubus closely misses you. The ufetubus barely misses you.
The ufetubus closely misses you. The ufetubus completely misses you.
You see here a scroll labeled RITHINT BOECISS.
The ufetubus hits you.
You die...

.. #.# ... # #.####
.# ∆ #..#.###.##
##........##..
#.....@.....# ..
#.##55##....# .
≈≈≈#.. ##..?.# .....
. ##≈≈≈.# #..zX##
#.#.. z #
5≈≈≈♣###5..##.......
.##..#≈≈≈≈55.......#
..
..##...≈≈≈≈...#.####
# #.##.#..≈≈≈≈#.###
..##..#..##3≈≈.#


You could see a large abomination, a flying skull and 5 ufetubi.

Vanquished Creatures
  A white imp (Abyss:1)
1 creature vanquished.

Notes
Turn   | Place    | Note
-------+----------+-------------------------------------------
     0 | Abyss:1  | thirtiethelement the Gnoll Abyssal Knight began the quest
                  | for the Orb.
     0 | Abyss:1  | Reached XP level 1. HP: 23/23 MP: 3/3
    45 | Abyss:1  | Reached XP level 2. HP: 17/29 MP: 5/5
    66 | Abyss:1  | Noticed a large abomination
   104 | Abyss:1  | Noticed a ynoxinul
   113 | Abyss:1  | Noticed a flying skull
   127 | Abyss:1  | HP: 1/29 [ufetubus[a ynoxinul] (4)]
   131 | Abyss:1  | Slain by an ufetubus

Illustrated notes

Levels and vault maps discovered:
Abyss:1:  evilmike_abyss_exit_12

Action                   || total
-------------------------++-------
Melee: Hand axe          ||     6
       Bite              ||     1
Armor: Leather armour    ||     2
Dodge: Dodged            ||    12

Table legend:
 A = Non-vault XP
 B = Vault XP
 C = Vault XP percentage of total XP
 D = Non-vault monster count
 E = Vault monster count
 F = Vault count percentage of total count
                 A         B        C        D         E       F
            +---------+---------+-------+---------+---------+-------
      Total |      11 |       0 |   0.0 |       1 |       0 |   0.0
            +---------+---------+-------+---------+---------+-------
    Abyss:1 |      11 |       0 |   0.0 |       1 |       0 |   0.0
            +---------+---------+-------+---------+---------+-------
